 Dungeon Crawl Stone Soup version 0.23-a0-488-g5fd82c5 (webtiles) character file.

10241 Firecrotchwizard the Fighter (level 11, -4/65 HPs)
             Began as a Vine Stalker Fighter on Dec 2, 2018.
             Was a Follower of Uskayaw.
             Slain by a minotaur
             ... wielding a +0 quarterstaff
              (18 damage)
             ... in a labyrinth.
             The game lasted 00:26:53 (9946 turns).

Firecrotchwizard the Fighter (Vine Stalker Fighter) Turns: 9946, Time: 00:26:54

Health: -4/65      AC: 13    Str: 31    XL:     11   Next: 59%
Magic:  0/17       EV:  6    Int:  8    God:    Uskayaw [*.....]
Gold:   462        SH: 12    Dex: 15    Spells: 10/10 levels left

rFire    . . .     SeeInvis .   I - +0 dagger (chaos)
rCold    . . .     Gourm    .   c - +1 shield
rNeg     . . .     Faith    .   E - +0 chain mail {rPois}
rPois    +         Spirit   +   (no helmet)
rElec    .         Reflect  .   G - scarf {repulsion}
rCorr    .         Harm     .   A - +2 pair of gloves
MR       +....                  i - +0 pair of boots
Stlth    ..........             K - amulet of regeneration {+regen, !d}
HPRegen  1.00/turn              q - +5 ring of strength
MPRegen  0.15/turn              P - ring of poison resistance {rPois, !d}

@: mighty, studying Unarmed Combat, repel missiles
A: fangs 3, regeneration 1, magic shield, antimagic bite, no potion heal 3, rot
immunity
a: Stomp, Renounce Religion


You were in a labyrinth.
You worshipped Uskayaw.
Uskayaw was noncommittal.
You were not hungry.

You visited 3 branches of the dungeon, and saw 13 of its levels.
You also visited: Labyrinth.

You collected 624 gold pieces.
You spent 162 gold pieces at shops.

Inventory:

Hand Weapons
 a - a +0 rapier
 g - a +1 antimagic dagger
   (You found it on level 1 of the Dungeon)
 p - a +0 blowgun
   (You took it off a kobold on level 4 of the Dungeon)
 z - a +1 dagger of holy wrath
   (You took it off an orc wizard on level 4 of the Dungeon)
 I - a +0 dagger of chaos (weapon)
   (You took it off Psyche on level 8 of the Dungeon)
Missiles
 k - 55 poisoned needles
Armour
 b - a +0 scale mail
 c - a +1 shield (worn)
 i - a +0 pair of boots (worn)
   (You found it on level 3 of the Dungeon)
 A - a +2 pair of gloves (worn)
   (You found it on level 5 of the Dungeon)
 E - a +0 chain mail of poison resistance (worn)
   (You took it off an orc warrior on level 6 of the Dungeon)
 G - a scarf of repulsion (worn)
   (You found it on level 6 of the Dungeon)
 O - a +0 helmet
   (You found it on level 1 of the Lair of Beasts)
Jewellery
 q - a +5 ring of strength (left hand)
   (You found it on level 2 of the Dungeon)
 w - an uncursed ring of fire {rF+, rC-}
   (You found it on level 4 of the Dungeon)
 H - an uncursed ring of positive energy {rN+}
   (You found it on level 7 of the Dungeon)
 K - an amulet of regeneration (around neck) {+regen, !d}
   (You found it on level 8 of the Dungeon)
 P - a ring of poison resistance (right hand) {rPois, !d}
   (You found it on level 9 of the Dungeon)
 U - an uncursed ring of positive energy {rN+}
   (You found it in a labyrinth)
Wands
 t - a wand of clouds (4)
   (You took it off Ijyb on level 3 of the Dungeon)
 y - a wand of disintegration (18)
   (You found it on level 4 of the Dungeon)
 B - a wand of random effects (6)
   (You found it on level 4 of the Dungeon)
 F - a wand of iceblast (20)
   (You found it on level 6 of the Dungeon)
 L - a wand of acid (5)
   (You found it on level 9 of the Dungeon)
 Q - a wand of enslavement (9)
   (You found it on level 9 of the Dungeon)
 V - a wand of flame (14)
   (You found it in a labyrinth)
Scrolls
 e - 7 scrolls of teleportation
 j - 6 scrolls of enchant weapon
 o - a scroll of amnesia
 r - 2 scrolls of fog
 x - 5 scrolls of identify
 C - 2 scrolls of blinking {!r}
 M - 3 scrolls of remove curse
 S - a scroll of silence
Potions
 d - a potion of might
 h - a potion of invisibility {unknown}
 l - 2 potions of brilliance {unknown}
 m - 3 potions of berserk rage {!q}
 n - 2 potions of haste {unknown}
 s - 3 potions of curing
 u - 2 potions of agility {unknown}
 v - a potion of ambrosia {unknown}
 D - a potion of cancellation {unknown}
 N - a potion of resistance {unknown}
 R - a potion of lignification {unknown}
 T - 2 potions of magic {unknown}
Books
 J - a manual of Unarmed Combat {!d}
   (You found it on level 8 of the Dungeon)
Comestibles
 f - 11 rations


   Skills:
 - Level 11.1 Fighting
 - Level 10.0 Short Blades
 - Level 2.4 Armour
 * Level 4.1 Shields
 + Level 7.4 Invocations


You had 10 spell levels left.
You didn't know any spells.
Your spell library contained the following spells:

 Spells                   Type           Power        Failure   Level  Hunger
 Animate Skeleton         Necr           N/A          100%        1    ##.....
 Apportation              Tloc           #.....       100%        1    ##.....
 Confusing Touch          Hex            #.....       100%        1    ##.....
 Flame Tongue             Conj/Fire      #....        100%        1    ##.....
 Summon Small Mammal      Summ           #...         100%        1    ##.....
 Throw Flame              Conj/Fire      #.....       100%        2    ###....
 Conjure Flame            Conj/Fire      #.......     100%        3    ####...
 Inner Flame              Hex/Fire       #.......     100%        3    ####...
 Sticky Flame             Conj/Fire      #.......     100%        4    #####..
 Fireball                 Conj/Fire      #.........   100%        5    ######.


Dungeon Overview and Level Annotations

Branches:
Dungeon (10/15)            Temple (1/1) D:6            Lair (2/6) D:9
    Orc (0/2) D:9
  Swamp: Lair:2-4    Shoals: Lair:2-4     Snake: Lair:2-4    Spider: Lair:2-4

Altars:
Ashenzari
Cheibriados
Dithmenos
Elyvilon
Fedhas
Gozag
Hepliaklqana
Kikubaaqudgha
Makhleb
Nemelex Xobeh
Okawaru
Qazlal
Ru
Sif Muna
Trog
Uskayaw
Vehumet
Wu Jian
Xom
Yredelemnul
Zin
The Shining One

Shops:
D:4 ?   D:7 ?*}[   D:8 ([[}!


Innate Abilities, Weirdness & Mutations

You have razor-sharp teeth.
Your natural rate of healing is unusually fast.
When hurt, damage is shared between your health and your magic reserves.
Your bite disrupts and absorbs the magic of your enemies.
Potions cannot restore your health.
You are immune to rotting.


Message History

You bite the hungry ghost! You drain its power.
You feel invigorated. You block the hungry ghost's attack.
MP restored: 17 You hit the hungry ghost.
The hungry ghost suddenly stops moving!
You bite the hungry ghost. You drain its power.
The helpless hungry ghost fails to defend itself.
You impale the hungry ghost!!
You destroy the hungry ghost!
Your Shields skill increases to level 4!
Uskayaw will force your foes to helplessly watch your dance.
Health restored: 65
V - a wand of flame (14) Uskayaw will no longer force your foes to helplessly watch your dance.
You can no longer pass through a line of other dancers.
A hungry ghost comes into view.
Unknown command.
The hungry ghost hits you.
You are feeling very hungry.
You take 3 damage, and have 62/65 hp.
You now have 16/17 mp.
Unknown command.
You closely miss the hungry ghost. Your bite misses the hungry ghost.
The hungry ghost hits you.
You are near starving!
You hit the hungry ghost but do no damage.
You bite the hungry ghost. You drain its power.
You feel invigorated.
MP restored: 17 You hit the hungry ghost.
You hear a sizzling sound.
The hungry ghost barely misses you.
You hit the hungry ghost. You burn the hungry ghost.
Your bite misses the hungry ghost.
Health restored: 65 You hit the hungry ghost.
The hungry ghost suddenly stops moving!
The helpless hungry ghost fails to defend itself.
You impale the hungry ghost!!
You destroy the hungry ghost!
You can now pass through a line of other dancers.
You eat one of the 12 rations.
That ration really hit the spot!
You can no longer pass through a line of other dancers.
What are your orders? t - Shout!
Orders for allies: a - Attack new target. r - Retreat! s - Stop attacking. g - Guard the area. f - Follow me.
Anything else - Cancel.
You shout for attention!
You start waiting.
A minotaur comes into view. It is wielding a +0 quarterstaff.
You start waiting.
The minotaur is too close now for your liking.
You hit the minotaur but do no damage. Your bite misses the minotaur.
You hit the minotaur but do no damage. You bite the minotaur!
You drain its power.
The minotaur blinks!
The minotaur throws a steel javelin.
The steel javelin hits you!!
You take 14 damage, and have 51/65 hp.
MASSIVE DAMAGE!!
You now have 13/17 mp.
You start resting.
The minotaur is too close now for your liking.
You regained 4 hp, and now have 57/65 hp.
You hit the minotaur but do no damage.
You bite the minotaur, but do no damage.
The minotaur hits you with a +0 quarterstaff.
You block the minotaur's attack.
You take 4 damage, and have 53/65 hp.
You now have 13/17 mp.
You hit the minotaur but do no damage.
You bite the minotaur, but do no damage.
You hit the minotaur.
The minotaur seems to slow down.
Your bite misses the minotaur.
The minotaur hits you with a +0 quarterstaff!
The minotaur gores you.
You take 14 damage, and have 40/65 hp.
MASSIVE DAMAGE!!
You now have 10/17 mp.
Aim: a minotaur, wielding a +0 quarterstaff, wearing a +0 plate armour and You create a blast of freezing vapour!
The minotaur is no longer moving slowly.
You hit the minotaur but do no damage. Your bite misses the minotaur.
You block the minotaur's attack. The minotaur gores you!
You take 8 damage, and have 33/65 hp.
You now have 9/17 mp.
You hit the minotaur but do no damage.
You bite the minotaur, but do no damage.
You hit the minotaur but do no damage.
You bite the minotaur, but do no damage.
The minotaur hits you with a +0 quarterstaff!
You block the minotaur's attack.
You take 13 damage, and have 21/65 hp.
You now have 5/17 mp.
You hit the minotaur but do no damage.
The minotaur is poisoned.
You bite the minotaur, but do no damage.
You feel very mighty all of a sudden.
The minotaur is engulfed in freezing vapours.
The minotaur hits you with a +0 quarterstaff.
The minotaur gores you!
* * * LOW HITPOINT WARNING * * *
You take 9 damage, and have 13/65 hp.
You now have 2/17 mp.
You puncture the minotaur! You burn the minotaur.
You bite the minotaur, but do no damage.
The minotaur is engulfed in freezing vapours.
The minotaur hits you with a +0 quarterstaff!!
You die...

#.# .. # # #
## . . # .
### # ......
.. ###
.#.#########
# . ..
.#.#§H§....#
# ###
.#.#@#(#.#.#
. .#.#.# #
## . . .#.#.
.# # # ..
...#.#.
.#... ####
#.. # . . .#
.... # . ##
. #.#####H .
... . . . #
. . ###


You could see a minotaur.

Vanquished Creatures
  A hydra (Lair:1)
  A two-headed ogre (D:8)
  A black mamba (Lair:1)
  2 spiny frogs (Lair:1)
  Psyche (D:8)
  A troll (D:9)
  A spriggan (D:7)
  14 yaks (D:9)
  Grum (Lair:1)
  3 hungry ghosts (Lab)
  A basilisk (Lair:1)
  A water moccasin (Lair:1)
  4 ice beasts
  2 orc warriors
  4 phantoms
  2 ogres
  2 sky beasts (D:5)
  4 wolves (Lair:1)
  3 centaurs
  2 crocodiles
  9 bullfrogs
  3 scorpions
  A wyvern skeleton (D:9)
  6 killer bees (D:9)
  3 crimson imps
  3 bullfrog zombies
  2 centaur zombies
  A bullfrog skeleton (D:7)
  A hound (D:6)
  6 jellies
  4 iguanas
  2 centaur skeletons
  Jessica (D:2)
  Ijyb (D:3)
  7 worker ants
  9 orc wizards
  A killer bee zombie (D:9)
  A hound zombie (D:4)
  2 hound skeletons
  3 gnolls (D:3)
  11 adders
  A shadow imp (D:8)
  9 oozes
  An adder skeleton (D:9)
  4 worms
  A dart slug (D:1)
  5 leopard geckos
  37 orcs
  8 giant cockroaches
  10 goblins
  9 hobgoblins
  13 jackals
  12 kobolds
  2 quokkas
  A ball python (D:1)
  14 bats
  4 frilled lizards
  A jackal skeleton (D:5)
  3 rats
263 creatures vanquished.

Vanquished Creatures (others)
  A hungry ghost (Lab)
  2 fungi (D:4)
  A plant (Lair:1)
  3 toadstools (D:4)
7 creatures vanquished.

Grand Total: 270 creatures vanquished

Notes
Turn   | Place    | Note
-------+----------+-------------------------------------------
     0 | D:1      | Firecrotchwizard the Vine Stalker Fighter began the quest
                  | for the Orb.
     0 | D:1      | Reached XP level 1. HP: 11/11 MP: 2/2
   147 | D:1      | Reached skill level 2 in Short Blades
   334 | D:1      | Reached XP level 2. HP: 14/16 MP: 3/3
   474 | D:1      | Reached skill level 3 in Fighting
   722 | D:1      | Reached XP level 3. HP: 10/20 MP: 4/4
  1331 | D:1      | Reached skill level 3 in Short Blades
  1528 | D:2      | Found a shimmering altar of Xom.
  1535 | D:2      | Found a shimmering altar of Xom.
  1536 | D:2      | Found a shimmering altar of Xom.
  1536 | D:2      | Found a shimmering altar of Xom.
  1537 | D:2      | Found a shimmering altar of Xom.
  1537 | D:2      | Found a shimmering altar of Xom.
  1537 | D:2      | Found a shimmering altar of Xom.
  1539 | D:2      | Found a shimmering altar of Xom.
  1561 | D:2      | Found a basalt altar of Yredelemnul.
  1574 | D:2      | Found an ornate altar of the Wu Jian Council.
  1596 | D:2      | Gained mutation: Your natural rate of healing is unusually
                  | fast. [Vine Stalker growth]
  1596 | D:2      | Reached XP level 4. HP: 22/24 MP: 1/5
  1638 | D:2      | Noticed Jessica
  1658 | D:2      | Killed Jessica
  1933 | D:2      | Reached XP level 5. HP: 21/28 MP: 2/6
  2098 | D:2      | Found a glowing golden altar of the Shining One.
  2154 | D:2      | Found an ancient bone altar of Kikubaaqudgha.
  2253 | D:2      | Found a deep blue altar of Sif Muna.
  2433 | D:3      | Reached skill level 4 in Short Blades
  2588 | D:3      | Noticed Ijyb
  2612 | D:3      | Killed Ijyb
  2840 | D:3      | HP: 7/29 [gnoll/+0 flail (7)]
  2941 | D:3      | Reached skill level 4 in Fighting
  3149 | D:4      | Reached XP level 6. HP: 33/33 MP: 2/7
  3221 | D:4      | Noticed a phantom
  3291 | D:4      | Killed a phantom
  3291 | D:4      | Reached skill level 5 in Short Blades
  3400 | D:4      | Reached XP level 7. HP: 34/38 MP: 2/8
  3694 | D:4      | Found Puguet's Magic Scroll Shoppe.
  3698 | D:4      | Bought a scroll of remove curse for 36 gold pieces
  3698 | D:4      | Bought a scroll of blinking for 90 gold pieces
  3698 | D:4      | Bought a scroll of teleportation for 36 gold pieces
  3867 | D:4      | Reached skill level 6 in Short Blades
  3899 | D:4      | Reached skill level 5 in Fighting
  4006 | D:5      | Entered Level 5 of the Dungeon
  4193 | D:5      | HP: 8/39 [ogre/+0 giant spiked club (9)]
  4329 | D:5      | Gained mutation: You have razor-sharp teeth. [Vine Stalker
                  | growth]
  4329 | D:5      | Reached XP level 8. HP: 34/43 MP: 1/9
  4353 | D:5      | Reached skill level 7 in Short Blades
  4432 | D:5      | HP: 11/44 [orc wizard/puff of flame (5)]
  5129 | D:6      | Reached skill level 6 in Fighting
  5129 | D:6      | Reached skill level 8 in Short Blades
  5259 | D:6      | HP: 3/44 [orc warrior/+0 battleaxe (18)]
  5263 | D:6      | HP: 1/44 [orc warrior/+0 battleaxe (4)]
  5291 | D:6      | Reached XP level 9. HP: 15/49 MP: 3/10
  5437 | D:6      | Reached skill level 9 in Short Blades
  5465 | D:6      | Found a staircase to the Ecumenical Temple.
  5480 | Temple   | Entered the Ecumenical Temple
  5575 | Temple   | Became a worshipper of Uskayaw the Reveler
  5678 | D:6      | Reached * piety under Uskayaw
  6066 | D:7      | Found Lesaosil's Armour Shoppe.
  6092 | D:7      | Found a shattered altar of Ashenzari.
  6137 | D:7      | Reached ** piety under Uskayaw
  6157 | D:7      | You fall through a shaft!
  6176 | D:8      | Reached skill level 7 in Fighting
  6177 | D:8      | Reached *** piety under Uskayaw
  6227 | D:8      | Found Qaesuif's Weapon Shoppe.
  6244 | D:8      | Found Ytathrouv's Antique Armour Boutique.
  6251 | D:8      | Found Fagak's Armour Emporium.
  6253 | D:8      | Noticed Psyche
  6256 | D:8      | Killed Psyche
  6335 | D:8      | Found an opulent altar of Gozag.
  6455 | D:8      | Reached skill level 10 in Short Blades
  6500 | D:8      | Noticed a two-headed ogre
  6504 | D:8      | Reached **** piety under Uskayaw
  6505 | D:8      | Killed a two-headed ogre
  6505 | D:8      | Reached skill level 9 in Fighting
  6505 | D:8      | Reached XP level 10. HP: 52/58 MP: 11/11
  6674 | D:8      | Found Umerph Vijounk's Gadget Shop.
  6804 | D:8      | Found Ziruenut's Distillery.
  7013 | D:7      | Found Ynlery's Assorted Antiques.
  7107 | D:7      | Found Vieghuul's Gadget Emporium.
  7163 | D:7      | Found Laeh's Magic Scroll Boutique.
  7284 | D:7      | Reached skill level 1 in Invocations
  7440 | D:9      | Found a snail-covered altar of Cheibriados.
  7495 | D:9      | Reached skill level 2 in Invocations
  7758 | D:9      | Found a staircase to the Orcish Mines.
  7803 | D:9      | Reached skill level 3 in Invocations
  8084 | D:9      | Reached skill level 10 in Fighting
  8086 | D:9      | Reached skill level 4 in Invocations
  8151 | D:9      | Found a staircase to the Lair.
  8459 | Lair:1   | Entered Level 1 of the Lair of Beasts
  8484 | D:9      | Reached skill level 5 in Invocations
  8491 | D:9      | HP: 12/60 [yak (8)]
  8493 | D:9      | Reached XP level 11. HP: 14/64 MP: 4/16
  8494 | D:9      | Reached ***** piety under Uskayaw
  8666 | D:9      | Reached skill level 6 in Invocations
  8701 | D:10     | Entered Level 10 of the Dungeon
  8811 | Lair:1   | Noticed a six-headed hydra
  8824 | Lair:1   | Killed a six-headed hydra
  8856 | Lair:1   | Noticed Grum
  8867 | Lair:1   | Reached skill level 11 in Fighting
  8885 | Lair:1   | Killed Grum
  9259 | Lair:1   | Reached skill level 7 in Invocations
  9364 | Lair:1   | Reached skill level 3 in Shields
  9713 | Lair:1   | Identified a scroll of acquirement
  9737 | Lair:2   | Found a labyrinth entrance.
  9754 | Lab      | Entered a labyrinth
  9846 | Lab      | Reached skill level 4 in Shields
  9921 | Lab      | Noticed a minotaur
  9945 | Lab      | HP: 13/65 [minotaur/+0 quarterstaff (9)]
  9946 | Lab      | Slain by a minotaur

Vault maps used:
D:1:      nzn_arrival_depleted_hourglass
D:2:      kiku_gazebo_pond_becter, lemuel_round_altar,
          gammafunk_temple_overflow_forgotten, first_ration, xom_redecorated,
          uniq_jessica
D:3:      uniq_ijyb
D:4:      cheibrodos_fertilizer, serial_shops, nicolae_shop_behind_doors
D:5:      minmay_misc_feat_columns
D:6:      minmay_temple_entry_grid
D:7:      ashenzari_conservatory_becter, serial_shops, shop, shop_scrolls,
          shop_fountains, nicolae_shop_competitors_out_of_business, the_bakery
D:8:      nicolae_gozag_seed_capital, serial_shops, shop, shop, shop_fountains,
          shop, shop, minmay_manual_monstrance, uniq_psyche
D:9:      kennysheep_mini_moat, lair_entry_dummy, david_orc_2, serial_rivers,
          chequers_serial_rivers_room_b, chequers_serial_rivers_small_3,
          chequers_serial_rivers_room_b, chequers_serial_rivers_micro_a,
          chequers_serial_rivers_large_b, chequers_serial_rivers_room_b
D:10:     minmay_curly_fans, uniq_joseph
Temple:   nicolae_temple_great_sept
Lair:1:   st_stairs_13, uniq_grum
Lair:2:   gammafunk_ghost_arena, lab_entry_generic, minmay_holes, ldierk_geyser,
          chequers_serial_rivers_small_a
Lab:      labyrinth_mini_lab, labyrinth_lava_lair, nicolae_lab_blocks,
          nicolae_lab_t_cross, labyrinth_skeletal_remains, nicolae_lab_statue

Skill      XL: |  1  2  3  4  5  6  7  8  9 10 11 |
---------------+----------------------------------+-----
Short Blades   | 2 3 4 5 6 8 10 | 10.0
Fighting       | 3 4 5 6 9 10 11 | 11.1
Invocations    | 5 7 |  7.4
Shields        | 4 |  4.1
Armour         | |  2.4

Action                   |  1- 3 |  4- 6 |  7- 9 | 10-12 || total
-------------------------+-------+-------+-------+-------++-------
Melee: Rapier            |    84 |       |       |       ||    84
       Bite              |    31 |    85 |   180 |   161 ||   457
       Dagger            |    23 |   273 |   415 |   384 ||  1095
Invok: Stomp             |       |       |       |     4 ||     4
Evoke: Wand              |       |       |    10 |     3 ||    13
  Use: Scroll            |       |     9 |     6 |     4 ||    19
       Potion            |       |     1 |     1 |     1 ||     3
 Stab: Paralysed         |       |       |     2 |    18 ||    20
       Confused          |       |       |       |     3 ||     3
       Petrifying        |       |       |       |     2 ||     2
  Eat: Chunk             |     2 |     6 |     7 |     9 ||    24
       Ration            |       |       |     1 |     3 ||     4
Armor: Scale mail        |    73 |    28 |    34 |       ||   135
       Ring mail         |       |    52 |    11 |       ||    63
       Chain mail        |       |       |    40 |    83 ||   123
Dodge: Dodged            |    40 |    59 |    45 |    48 ||   192
       Deflected         |       |       |     1 |     3 ||     4
Block: Shield            |    64 |   105 |   125 |   118 ||   412

Table legend:
 A = Non-vault XP
 B = Vault XP
 C = Vault XP percentage of total XP
 D = Non-vault monster count
 E = Vault monster count
 F = Vault count percentage of total count
                 A         B        C        D         E       F
            +---------+---------+-------+---------+---------+-------
      Total |   11821 |    2809 |  19.2 |     224 |      40 |  15.2
            +---------+---------+-------+---------+---------+-------
        D:1 |      55 |       0 |   0.0 |      29 |       0 |   0.0
        D:2 |      89 |      37 |  29.4 |      21 |       1 |   4.5
        D:3 |     101 |      36 |  26.3 |      22 |       1 |   4.3
        D:4 |     480 |     191 |  28.5 |      23 |      17 |  42.5
        D:5 |     721 |       0 |   0.0 |      24 |       0 |   0.0
        D:6 |    1296 |       0 |   0.0 |      27 |       0 |   0.0
        D:7 |     213 |     224 |  51.3 |       8 |       1 |  11.1
        D:8 |    1807 |     475 |  20.8 |      19 |       5 |  20.8
        D:9 |    4378 |      15 |   0.3 |      41 |       5 |  10.9
       D:10 |     127 |       0 |   0.0 |       1 |       0 |   0.0
     Lair:1 |    2445 |    1115 |  31.3 |       8 |       6 |  42.9
     Lair:2 |     109 |       0 |   0.0 |       1 |       0 |   0.0
        Lab |       0 |     716 | 100.0 |       0 |       4 | 100.0
            +---------+---------+-------+---------+---------+-------

Vault maps used:
D:1:      nzn_arrival_depleted_hourglass
D:2:      kiku_gazebo_pond_becter, lemuel_round_altar,
          gammafunk_temple_overflow_forgotten, first_ration, xom_redecorated,
          uniq_jessica
D:3:      uniq_ijyb
D:4:      cheibrodos_fertilizer, serial_shops, nicolae_shop_behind_doors
D:5:      minmay_misc_feat_columns
D:6:      minmay_temple_entry_grid
D:7:      ashenzari_conservatory_becter, serial_shops, shop, shop_scrolls,
          shop_fountains, nicolae_shop_competitors_out_of_business, the_bakery
D:8:      nicolae_gozag_seed_capital, serial_shops, shop, shop, shop_fountains,
          shop, shop, minmay_manual_monstrance, uniq_psyche
D:9:      kennysheep_mini_moat, lair_entry_dummy, david_orc_2, serial_rivers,
          chequers_serial_rivers_room_b, chequers_serial_rivers_small_3,
          chequers_serial_rivers_room_b, chequers_serial_rivers_micro_a,
          chequers_serial_rivers_large_b, chequers_serial_rivers_room_b
D:10:     minmay_curly_fans, uniq_joseph
Temple:   nicolae_temple_great_sept
Lair:1:   st_stairs_13, uniq_grum
Lair:2:   gammafunk_ghost_arena, lab_entry_generic, minmay_holes, ldierk_geyser,
          chequers_serial_rivers_small_a
Lab:      labyrinth_mini_lab, labyrinth_lava_lair, nicolae_lab_blocks,
          nicolae_lab_t_cross, labyrinth_skeletal_remains, nicolae_lab_statue

Table legend:
 A = Turns spent in this place as a percentage of turns spent in the entire game.
 B = Non-inter-level travel turns spent in this place as a percentage of non-inter-level travel turns spent in the entire game.
 C = Inter-level travel turns spent in this place as a percentage of turns spent in this place.
 D = Turns resting spent in this place as a percentage of non-inter-level travel turns spent in this place.
 E = Turns spent auto-exploring this place as a percentage of non-inter-level travel turns spent in this place.
 F = Non-inter-level travel turns spent in this place divided by the number of levels of this place that you've seen.
                   A       B       C       D       E      F
               +-------+-------+-------+-------+-------+----------------------
         Total | 100.0 | 100.0 |   4.7 |  16.0 |  59.2 | 676.9
       Dungeon |  86.8 |  86.4 |   5.1 |  16.6 |  59.5 | 819.2
        Temple |   1.1 |   1.0 |   9.4 |   0.0 |  76.0 |  96.0
          Lair |  10.2 |  10.5 |   2.2 |  14.2 |  66.1 | 498.5
     Labyrinth |   1.9 |   2.0 |   0.0 |   8.9 |   0.0 | 192.0
               +-------+-------+-------+-------+-------+----------------------

Table legend:
 A = Kills in this place as a percentage of kills in entire the game.
 B = Kills by you in this place as a percentage of kills by you in the entire game.
 C = Kills by friends in this place as a percentage of kills by friends in the entire game.
 D = Other kills in this place as a percentage of other kills in the entire game.
 E = Experience gained in this place as a percentage of experience gained in the entire game.
 F = Experience gained in this place divided by the number of levels of this place that you have seen.
                   A       B       C       D       E      F
               +-------+-------+-------+-------+-------+----------------------
         Total | 100.0 | 100.0 |   N/A | 100.0 | 100.0 | 1045.0
       Dungeon |  92.8 |  93.1 |   N/A |  50.0 |  70.0 | 1024.5
          Lair |   5.7 |   5.7 |   N/A |   0.0 |  25.1 | 1834.5
     Labyrinth |   1.5 |   1.1 |   N/A |  50.0 |   4.9 | 716.0
               +-------+-------+-------+-------+-------+----------------------
